 Dungeon Crawl Stone Soup version 0.29.1-12-g30fa7ad0bf (webtiles) character file.

Game seed: 12401202826171791783

926 sanboga the Ruffian (level 7, 0/71 HPs)
             Began as a Troll Monk on Dec 13, 2022.
             Slain by a killer bee (1 damage)
             ... on level 4 of the Dungeon.
             The game lasted 00:04:10 (2950 turns).

sanboga the Ruffian (Troll Monk)                    Turns: 2950, Time: 00:04:11

Health: 0/71       AC:  5    Str: 22    XL:     7   Next: 85%
Magic:  6/6        EV: 15    Int:  6    God:
Gold:   237        SH:  0    Dex: 12    Spells: 6/6 levels left

rFire   . . .      SeeInvis .     - Unarmed
rCold   . . .      Faith    .   (no shield)
rNeg    . . .      Spirit   .   a - +0 robe
rPois   .          Reflect  .   (helmet restricted)
rElec   .          Harm     .   g - +0 cloak
rCorr   .          Rampage  .   (gloves unavailable)
Will    .....                   (boots unavailable)
Stlth   ++........              (no amulet)
HPRegen 1.01/turn               n - +4 ring of evasion
MPRegen 0.10/turn               (no ring)

@: lethally poisoned (0 -> -1), attractive
A: large, unfitting armour, claws 3, regeneration 1, shaggy fur 1, tough skin 1
a: no special abilities


You were on level 4 of the Dungeon.
You visited 1 branch of the dungeon, and saw 4 of its levels.
You also visited: Sewer.

You collected 237 gold pieces.

Inventory:

Armour
 a - a +0 robe (worn)
 g - a +0 cloak (worn)
Jewellery
 n - a +4 ring of evasion (left claw)
Scrolls
 c - 3 scrolls of vulnerability {unknown}
 d - 3 scrolls of enchant armour {unknown}
 f - a scroll of summoning {unknown}
 i - 2 scrolls of identify {unknown}
 m - a scroll of blinking {unknown}
Potions
 b - 3 potions of ambrosia
 e - a potion of attraction
 h - a potion of magic {unknown}
 k - 2 potions of haste {unknown}
 l - a potion of brilliance {unknown}


   Skills:
 + Level 4.4 Fighting
 + Level 4.4 Dodging
 - Level 1.0 Stealth
 * Level 7.0 Unarmed Combat


You had 6 spell levels left.
You didn't know any spells.
Your spell library contained the following spells:

 Spells                   Type           Power      Damage    Failure   Level
 Ensorcelled Hibernation  Hex/Ice        0%         N/A       58%         2
 Passwall                 Tmut/Erth      0%         N/A       58%         2
 Gell's Gravitas          Tloc           0%         N/A       83%         3
 Lesser Beckoning         Tloc           0%         N/A       83%         3
 Swiftness                Air            0%         N/A       83%         3
 Teleport Other           Tloc           0%         N/A       83%         3
 Summon Forest            Summ/Tloc      0%         N/A       100%        5
 Summon Mana Viper        Hex/Summ       0%         N/A       100%        5
 Summon Cactus Giant      Summ           0%         N/A       100%        6


Dungeon Overview and Level Annotations

Branches:
Dungeon (4/15)              Sewer (visited)
 Temple: D:4-7

Altars:
Kikubaaqudgha


Innate Abilities, Weirdness & Mutations

You are too large for most types of armour.
You have claws for hands.
Your natural rate of healing is unusually fast.
You are covered in fur. (AC +1)
You have tough skin. (AC +1)


Message History

You barely miss the killer bee.
You feel sick.
The killer bee stings you but does no damage.
The killer bee barely misses you.
You barely miss the killer bee.
You feel sick. The killer bee stings you.
You are more poisoned.
The killer bee poisons you! The killer bee stings you.
You scratch the killer bee.
The killer bee is lightly wounded.
You feel sick. The killer bee closely misses you.
The killer bee stings you but does no damage.
You closely miss the killer bee.
The killer bee is lightly wounded.
You feel sick. The killer bee completely misses you.
You scratch the killer bee.
The killer bee is moderately wounded.
You feel sick. The killer bee stings you. x2
* * * LOW HITPOINT WARNING * * *
You scratch the killer bee.
The killer bee is heavily wounded.
You feel sick. The killer bee barely misses you.
You closely miss the killer bee. Your claw misses the killer bee.
The killer bee is heavily wounded.
You feel sick. The killer bee stings you.
* * * LOW HITPOINT WARNING * * *
You are more poisoned.
The killer bee poisons you! The killer bee barely misses you.
You barely miss the killer bee.
The killer bee is heavily wounded.
You feel sick. The killer bee stings you!
* * * LOW HITPOINT WARNING * * *
The killer bee barely misses you.
You miss the killer bee.
The killer bee is heavily wounded.
You feel sick. The killer bee barely misses you. The killer bee stings you.
* * * LOW HITPOINT WARNING * * *
It was a potion of attraction.
You feel attractive to monsters.
* * * LOW HITPOINT WARNING * * *
You feel sick. The killer bee closely misses you. The killer bee stings you.
You die...

######.#.# *,* #......#.#
*,* #.######.# *,* #.#
#.# *,* #.# #.# *,*
#####.# #.# *,* ......#
#.# *,* #######
#.##########.*
############....@y......*
..............##########*
..##########.##
.............#
##############


You could see a killer bee.

Vanquished Creatures
  Menkaure (D:4)
  Pargi (Sewer)
  An ogre (D:4)
  Blork the orc (D:4)
  A gnoll sergeant (D:3)
  2 scorpions (D:4)
  3 killer bees (D:4)
  A hound (D:4)
  An orc wizard (D:3)
  6 gnolls
  2 adders
  2 worms
  11 orcs
  11 ball pythons
  9 bats
  12 endoplasms
  3 giant cockroaches
  5 goblins
  5 hobgoblins
  13 jackals
  11 kobolds
  4 quokkas
  2 frilled lizards (D:3)
  6 rats
114 creatures vanquished.

Vanquished Creatures (others)
  16 plants (D:2)
16 creatures vanquished.

Grand Total: 130 creatures vanquished

Notes
Turn   | Place    | Note
-------+----------+-------------------------------------------
     0 | D:1      | sanboga the Troll Monk began the quest for the Orb.
     0 | D:1      | Reached XP level 1. HP: 22/22 MP: 0/0
    39 | D:1      | Found a faded altar of an unknown god.
   108 | D:1      | Reached XP level 2. HP: 29/29 MP: 1/1
   235 | D:1      | Reached XP level 3. HP: 30/36 MP: 2/2
   969 | D:2      | Reached skill level 4 in Unarmed Combat
  1108 | D:2      | Reached XP level 4. HP: 44/44 MP: 3/3
  1869 | D:3      | Reached XP level 5. HP: 36/53 MP: 4/4
  1948 | D:3      | Found an ancient bone altar of Kikubaaqudgha.
  2280 | D:4      | Noticed Blork the orc
  2286 | D:4      | Killed Blork the orc
  2287 | D:4      | Reached skill level 5 in Unarmed Combat
  2320 | D:4      | Reached XP level 6. HP: 51/61 MP: 5/5
  2334 | D:4      | Found a glowing drain.
  2353 | Sewer    | Entered a sewer
  2456 | Sewer    | Noticed Pargi
  2463 | Sewer    | Killed Pargi
  2537 | D:4      | Noticed Menkaure
  2549 | D:4      | Killed Menkaure
  2550 | D:4      | Reached skill level 6 in Unarmed Combat
  2550 | D:4      | Reached XP level 7. HP: 61/70 MP: 6/6
  2935 | D:4      | Reached skill level 7 in Unarmed Combat
  2949 | D:4      | HP: 1/71 [killer bee (6)]
  2950 | D:4      | Slain by a killer bee

Illustrated notes

Levels and vault maps discovered:
D:1:      onia_arrival_pyramid, layout_basic,
          ebering_ecumenical_altar_abandoned, hangedman_decor_push,
          chequers_serial_rivers_micro_c
D:2:      layout_basic, serial_bayou_pond_c
D:3:      layout_rooms, lemuel_round_altar, serial_shops, shop_statue
D:4:      layout_loops_ring, cheibrodos_sewer_entry_sluice,
          kennysheep_small_square, uniq_blork_the_orc, uniq_menkaure,
          uniq_sigmund

Skill      XL: |  1  2  3  4  5  6  7 |
---------------+----------------------+-----
Unarmed Combat | 4 5 6 7 |  7.0
Fighting       | 3 4 |  4.4
Dodging        | 3 4 |  4.4
Stealth        | |  1.0

Action                   |  1- 3 |  4- 6 |  7- 9 || total
-------------------------+-------+-------+-------++-------
Melee: Unarmed           |   136 |   137 |    67 ||   340
       Punch             |       |     3 |     1 ||     4
  Use: Scroll            |       |     3 |       ||     3
       Potion            |       |       |     1 ||     1
 Stab: Sleeping          |     4 |     7 |     1 ||    12
Armor: Robe              |    86 |    50 |    12 ||   148
Dodge: Dodged            |   109 |    68 |    57 ||   234
